 Dungeon Crawl Stone Soup version 0.30-b1-2-g02819fbbbe (webtiles) character file.

Game seed: 3542223460029408832

7904 Alarkh the Summoner (level 11, 0/76 HPs)
             Began as a Demonspawn Summoner on May 30, 2023.
             Was a Follower of Uskayaw.
             Killed from afar by an electric eel (11 damage)
             ... with a bolt of electricity
             ... in a bailey.
             The game lasted 00:26:39 (9434 turns).

Alarkh the Summoner (Demonspawn Summoner)           Turns: 9434, Time: 00:26:39

Health: 0/76       AC:  9    Str:  4    XL:     11   Next: 2%
Magic:  20/21      EV: 13    Int: 21    God:    Uskayaw [*.....]
Gold:   1174       SH:  0    Dex: 13    Spells: 11/24 levels left

rFire   + . .        a - staff of conjuration
rCold   + + .        (no shield)
rNeg    . . .        F - +1 leather armour {rC+}
rPois   .            m - +0 helmet
rElec   .            H - +0 cloak
rCorr   +            i - +0 pair of gloves
SInv    +            o - +1 pair of boots
Will    .....        (no amulet)
Stlth   ++           K - ring "Qajing" {rF+ rC+ rCorr Str-5}
HPRegen 0.32/turn    g - ring of see invisible
MPRegen 0.17/turn

%: no passive effects
@: no status effects
A: powered by death 3, sturdy frame 2, demonic magic 2, demonic touch 1
a: Renounce Religion, Stomp


You were in a bailey.
You worshipped Uskayaw.
Uskayaw was noncommittal.
You visited 2 branches of the dungeon, and saw 9 of its levels.
You also visited: Bailey.

You collected 1270 gold pieces.
You spent 96 gold pieces at shops.

Inventory:

Hand Weapons
 C - a +0 dagger
 E - a +2 whip of electrocution
Missiles
 p - 2 throwing nets
Armour
 e - a +0 robe
 i - a +0 pair of gloves (worn)
 m - a +0 helmet (worn)
 o - a +1 pair of boots (worn)
 F - a +1 leather armour of cold resistance (worn)
 H - a +0 cloak (worn)
Magical Staves
 a - a staff of conjuration (weapon)
Jewellery
 c - a +6 ring of intelligence
 g - a ring of see invisible (right hand)
 j - a ring of fire
 r - a ring of protection from fire
 w - a ring of ice
 y - a ring of willpower
 K - the ring "Qajing" (left hand) {rF+ rC+ rCorr Str-5}
   (You took it off a wight on level 7 of the Dungeon)

   [ring of resist corrosion]

   Str:       It affects your strength (-5).
   rF:        It protects you from fire.
   rC:        It protects you from cold.
   rCorr:     It protects you from acid and corrosion.
 L - the ring "Quinnoz" {rN++ MP+9 Int+2 SInv Stlth-}
   (You took it off an orc wizard on level 7 of the Dungeon)

   [ring of magical power]

   Int:       It affects your intelligence (+2).
   rN:        It greatly protects you from negative energy.
   MP:        It affects your magic capacity (+9).
   SInv:      It lets you see invisible.
   Stlth:     It makes you less stealthy.
 M - the ring of Impatience {Fly rF+ Will+ EV+5 Slay+5}
   (You took it off an orc wizard on level 7 of the Dungeon)

   [ring of evasion]

   EV:        It affects your evasion (+5).
   Slay:      It affects your accuracy & damage with ranged weapons and melee
   (+5).
   rF:        It protects you from fire.
   Fly:       It grants you flight.
   Will:      It increases your willpower.
 O - the ring "Givo" {Contam rC- AC+4 Int+8}
   (You found it on level 7 of the Dungeon)

   [ring of protection]

   AC:        It affects your AC (+4).
   Int:       It affects your intelligence (+8).
   rC:        It makes you vulnerable to cold.
   Contam:    It causes magical contamination when unequipped.
Wands
 l - a wand of paralysis (8)
 G - a wand of flame (19)
 N - a wand of iceblast (2)
Scrolls
 d - 2 scrolls of noise
 h - a scroll of enchant armour
 n - 3 scrolls of teleportation
 t - a scroll of summoning {unknown}
 v - 2 scrolls of fear {unknown}
 A - a scroll of poison
 B - a scroll of fog {unknown}
Potions
 b - 2 potions of magic
 f - a potion of berserk rage
 k - 3 potions of curing
 q - 2 potions of attraction
 s - 2 potions of flight
 u - 2 potions of mutation
 x - 2 potions of heal wounds
 z - a potion of might
 D - a potion of haste
 I - a potion of ambrosia {unknown}
 J - a potion of lignification


   Skills:
 + Level 3.7 Fighting
 * Level 4.4 Staves
 + Level 0.8 Armour
 + Level 4.0 Dodging
 + Level 2.2 Stealth
 + Level 7.2 Spellcasting
 * Level 5.0 Conjurations
 * Level 11.5 Summonings
 + Level 4.6 Invocations
 + Level 3.4 Evocations


You had 11 spell levels left.
You knew the following spells:

 Your Spells              Type           Power      Damage    Failure   Level
a - Summon Small Mammal   Summ           100%       N/A       1%          1
b - Summon Lightning Spi  Summ/Air       31%        N/A       8%          4
c - Summon Guardian Gole  Hex/Summ       31%        N/A       2%          3
e - Call Imp              Summ           100%       N/A       1%          2
r - Call Canine Familiar  Summ           54%        N/A       1%          3

Your spell library contained the following spells:

 Spells                   Type           Power      Damage    Failure   Level
 Foxfire                  Conj/Fire      100%       2x1d9     3%          1
 Animate Armour           Summ/Erth      62%        N/A       8%          4
 Blink                    Tloc           14%        N/A       13%         2
 Ozocubu's Armour         Ice            7%         N/A       26%         3
 Portal Projectile        Hex/Tloc       14%        N/A       26%         3
 Fireball                 Conj/Fire      13%        3d7       63%         5
 Anguish                  Hex/Necr       3%         N/A       65%         4
 Leda's Liquefaction      Hex/Erth       3%         N/A       65%         4
 Manifold Assault         Tloc           7%         N/A       65%         4
 Passage of Golubria      Tloc           7%         N/A       65%         4
 Blade Hands              Tmut           3%         N/A       94%         5
 Metabolic Englaciation   Hex/Ice        3%         N/A       94%         5
 Iron Shot                Conj/Erth      13%        9d3       99%         6
 Starburst                Conj/Fire      13%        6d6       99%         6
 Plasma Beam              Fire/Air       3%         2x1d15    100%        6
 Simulacrum               Ice/Necr       3%         N/A       100%        6
 Enfeeble                 Hex            3%         N/A       100%        7
 Storm Form               Tmut/Air       3%         N/A       100%        7


Dungeon Overview and Level Annotations

Branches:
Dungeon (8/15)             Temple (1/1) D:5          Bailey (1/1)
   Lair: D:8-11

Altars:
Ashenzari
Cheibriados
Dithmenos
Fedhas
Gozag
Hepliaklqana
Kikubaaqudgha
Makhleb
Nemelex Xobeh
Okawaru
Qazlal
Ru
Sif Muna
Trog
Uskayaw
Vehumet
Wu Jian
Yredelemnul

Shops:
D:2 [   D:4 !   D:6 *

Annotations:
D:8 Erica


Innate Abilities, Weirdness & Mutations

You regenerate a lot of health from kills.
Your movements are less encumbered by armour. (ER -4)
Spells you cast may paralyse nearby enemies.
Your touch may inflict minor irresistible damage on your foes.


Message History

The bolt of electricity hits your guardian golem.
Your guardian golem resists.
The bolt of electricity misses you.
The electric eel shoots out a bolt of lightning at you!
The bolt of electricity hits the electric eel.
The electric eel completely resists.
The bolt of electricity hits your guardian golem.
Your guardian golem resists.
The bolt of electricity hits you!
The electric eel shoots out a bolt of lightning at you!
The bolt of electricity hits your guardian golem.
Your guardian golem resists.
The bolt of electricity hits you!
The electric eel shoots out a bolt of lightning at you!
The bolt of electricity hits your guardian golem.
Your guardian golem resists.
The bolt of electricity hits you.
The electric eel shoots out a bolt of lightning at you!
The bolt of electricity misses the electric eel.
The bolt of electricity hits your guardian golem.
Your guardian golem resists.
The bolt of electricity hits you.
Your guardian golem overheats!
Things that are here:
a +0 hand axe; a +0 leather armour The electric eel shoots out a bolt of lightning at you!
The bolt of electricity hits the electric eel.
The electric eel completely resists.
The bolt of electricity misses the electric eel.
The bolt of electricity hits your guardian golem.
Your guardian golem resists.
Flame seeps out of your guardian golem. The bolt of electricity hits you!
* * * LOW HITPOINT WARNING * * *
The electric eel shoots out a bolt of lightning at you!
The bolt of electricity hits the electric eel.
The electric eel completely resists.
The bolt of electricity hits your guardian golem.
Your guardian golem resists.
Flame seeps out of your guardian golem. The bolt of electricity hits you!
You die...

#≈≈≈≈≈~.#..8.8..#)...##...
#≈≈≈≈≈~∩........')_..##..⌠
#≈≈≈≈≈~.#..8.8..#)...##...
#≈≈≈≈≈~.#########....##...
#≈≈≈≈≈~.#..#.'..#....#####
#≈≈≈≈≈~.#[[#.#))#....#
#≈≈≈≈≈~.#[['.#))'....#
#≈≈≈≈≈#.##############
#≈≈≈≈≈#..@)#.....+
#≈≈≈≈≈#.)).'.....#
#≈≈≈≈≈#'#).######## #≈≈≈≈
#.#..9....... #≈≈≈
######S~~~~~~ SSS≈≈≈≈
≈≈S≈≈≈≈ ≈≈≈≈≈≈≈ ≈≈≈≈S≈≈


You could see 4 electric eels and a friendly guardian golem (summoned, inner
flame).

Vanquished Creatures
  2 orc warriors
  A sky beast (D:7)
  An ice beast (D:5)
  3 bullfrogs
  A kobold brigand (D:8)
  A wight (D:7)
  2 howler monkeys (D:7)
  2 orc wizards (D:7)
  2 gnolls
  An adder (D:2)
  A shadow imp (D:7)
  A white imp (D:5)
  A dart slug (D:1)
  5 orcs
  4 endoplasms
  A giant cockroach (D:3)
  3 goblins
  7 hobgoblins
  5 kobolds
  A quokka (D:3)
  4 ball pythons
  A frilled lizard (D:1)
  4 rats
54 creatures vanquished.

Vanquished Creatures (collateral kills)
  A boulder beetle (D:7)
  A two-headed ogre (D:7)
  Pikel (D:4)
  Joseph (D:7)
  A wraith (D:7)
  A wyvern (D:8)
  Eustachio (D:4)
  2 nameless horrors
  Duvessa (D:4)
  3 black bears
  2 orc warriors
  2 sky beasts (D:7)
  4 ice beasts
  3 ogres
  4 lemures (D:4)
  A scorpion (D:5)
  A bullfrog (D:7)
  5 wights (D:8)
  Dowan (D:4)
  An electric eel (Bailey)
  A howler monkey (D:8)
  2 hounds
  A gnoll bouda (D:8)
  4 orc priests
  4 sleepcaps
  Terence (D:2)
  4 iguanas
  6 gnolls
  9 adders
  2 ufetubi
  A worm (D:5)
  2 dart slugs (D:1)
  14 orcs
  4 bats
  5 endoplasms
  4 giant cockroaches
  5 hobgoblins
  10 kobolds
  2 quokkas
  3 ball pythons
  4 goblins
  3 rats (D:1)
128 creatures vanquished.

Vanquished Creatures (others)
  2 cyclopes (D:7)
  A gargoyle (D:7)
  3 kobold demonologists
  2 acid dragons (D:7)
  An orc warrior (Bailey)
  An iguana (D:7)
  A gnoll (Bailey)
  An orc (Bailey)
  A hobgoblin (Bailey)
13 creatures vanquished.

Grand Total: 195 creatures vanquished

Notes
Turn   | Place    | Note
-------+----------+-------------------------------------------
     0 | D:1      | Alarkh the Demonspawn Summoner began the quest for the Orb.
     0 | D:1      | Reached XP level 1. HP: 13/13 MP: 3/3
   274 | D:1      | Gained mutation: You regenerate a little health from kills.
                  | [demonic ancestry]
   274 | D:1      | Reached XP level 2. HP: 13/19 MP: 1/5
   277 | D:1      | Learned a level 2 spell: Call Imp
  1358 | D:2      | Gained mutation: You regenerate health from kills. [demonic
                  | ancestry]
  1358 | D:2      | Reached XP level 3. HP: 18/24 MP: 0/6
  1468 | D:2      | Reached skill level 5 in Summonings
  1713 | D:2      | Gained mutation: Your movements are slightly less
                  | encumbered by armour. (ER -2) [demonic ancestry]
  1713 | D:2      | Reached XP level 4. HP: 30/30 MP: 5/8
  1779 | D:2      | Learned a level 3 spell: Call Canine Familiar
  1889 | D:2      | Found Ittel's Antique Armour Shop.
  2004 | D:2      | Noticed Terence
  2040 | D:2      | Killed Terence
  2290 | D:3      | Gained mutation: Spells you cast may paralyse adjacent
                  | enemies. [demonic ancestry]
  2290 | D:3      | Reached XP level 5. HP: 19/35 MP: 1/9
  2649 | D:3      | Got the Compendium of Distorted Exhumation
  3173 | D:4      | Noticed Duvessa
  3183 | D:4      | Noticed Dowan
  3187 | D:4      | Killed Duvessa
  3188 | D:4      | Reached skill level 6 in Summonings
  3188 | D:4      | Reached XP level 6. HP: 41/41 MP: 6/11
  3200 | D:4      | Killed Dowan
  3393 | D:4      | Noticed Eustachio
  3417 | D:4      | Killed Eustachio
  3418 | D:4      | Reached skill level 7 in Summonings
  3418 | D:4      | Reached XP level 7. HP: 32/46 MP: 3/13
  3476 | D:4      | Noticed Pikel
  3809 | D:4      | Paralysed by Pikel for 2 turns
  3815 | D:4      | Killed Pikel
  3816 | D:4      | Reached skill level 5 in Spellcasting
  3816 | D:4      | Reached skill level 8 in Summonings
  3816 | D:4      | Gained mutation: Spells you cast may paralyse nearby
                  | enemies. [demonic ancestry]
  3816 | D:4      | Reached XP level 8. HP: 36/52 MP: 2/15
  3998 | D:4      | Learned a level 4 spell: Summon Lightning Spire
  4047 | D:4      | Noticed a nameless horror
  4086 | D:4      | Killed a nameless horror
  4174 | D:4      | Found Doheovut's Distillery.
  4182 | D:4      | Bought a potion of mutation for 96 gold pieces
  4492 | D:4      | Reached skill level 9 in Summonings
  4625 | D:4      | Found a sparkling altar of Nemelex Xobeh.
  4626 | D:4      | Found a hazy altar of Hepliaklqana.
  4704 | D:5      | Entered Level 5 of the Dungeon
  5192 | D:5      | Found a staircase to the Ecumenical Temple.
  5259 | Temple   | Entered the Ecumenical Temple
  5525 | Temple   | Became a worshipper of Uskayaw the Reveller
  5587 | D:5      | Reached skill level 10 in Summonings
  5717 | D:5      | Learned a level 3 spell: Summon Guardian Golem
  5984 | D:6      | Reached skill level 1 in Fighting
  6037 | D:6      | Gained mutation: Your touch may inflict minor irresistible
                  | damage on your foes. [demonic ancestry]
  6037 | D:6      | Reached XP level 9. HP: 59/59 MP: 8/18
  6449 | D:6      | Found Lusiref's Gadget Gallery.
  6465 | D:6      | Reached * piety under Uskayaw
  6806 | D:7      | Found a broken altar of Ashenzari.
  6975 | D:7      | Noticed Joseph
  6995 | D:7      | Killed Joseph
  6996 | D:7      | Reached skill level 1 in Staves
  6996 | D:7      | Reached skill level 1 in Conjurations
  6996 | D:7      | Reached skill level 1 in Invocations
  6996 | D:7      | Reached skill level 1 in Evocations
  7087 | D:7      | Identified the +1 quarterstaff of Qiupanta {pain, rPois
                  | rCorr}
  7219 | D:7      | Reached ** piety under Uskayaw
  7281 | D:7      | Noticed a cyclops
  7303 | D:7      | Killed a cyclops
  7489 | D:7      | Noticed a boulder beetle
  7506 | D:7      | Killed a boulder beetle
  7507 | D:7      | Gained mutation: You regenerate a lot of health from kills.
                  | [demonic ancestry]
  7507 | D:7      | Reached XP level 10. HP: 68/68 MP: 13/20
  7614 | D:7      | Reached skill level 11 in Summonings
  7636 | D:7      | Noticed a two-headed ogre
  7661 | D:7      | Noticed a gargoyle
  7662 | D:7      | Killed a two-headed ogre
  7684 | D:7      | Killed a gargoyle
  7705 | D:7      | Identified the ring "Qajing" {rF+ rC+ rCorr Str-5}
  7757 | D:7      | Identified the ring "Quinnoz" {rN++ MP+9 Int+2 SInv Stlth-}
  7761 | D:7      | Identified the ring of Impatience {Fly rF+ Will+ EV+5
                  | Slay+5}
  7772 | D:7      | Identified the ring "Givo" {Contam rC- AC+4 Int+8}
  7795 | D:7      | Noticed a cyclops
  7828 | D:7      | Killed a cyclops
  8211 | D:8      | Reached *** piety under Uskayaw
  8391 | D:8      | Identified a scroll of acquirement
  8391 | D:8      | Acquired 840 gold pieces
  8584 | D:8      | Found a flagged portal.
  8591 | D:8      | Noticed Erica
  8613 | Bailey   | Entered a bailey
  8907 | Bailey   | Found an iron altar of Okawaru.
  8922 | Bailey   | Reached skill level 5 in Conjurations
  8923 | Bailey   | Gained mutation: Your movements are less encumbered by
                  | armour. (ER -4) [demonic ancestry]
  8923 | Bailey   | Reached XP level 11. HP: 67/76 MP: 13/21
  9434 | Bailey   | Killed from afar by an electric eel

Illustrated notes

Levels and vault maps discovered:
D:1:      psy_arrival_dodecagon, layout_basic, serial_curves, eino_curves_03,
          eino_curves_03, eino_curves_04, eino_curves_04
D:2:      minmay_evil_eye, layout_rooms, serial_shops, nicolae_shop_dealshenge,
          uniq_terence
D:3:      layout_loops_cross, amcnicky_mini_corridor_feature, st_stairs_11
D:4:      layout_basic, gammafunk_temple_overflow_statue, serial_shops, shop,
          serial_park_tiny_1, kennysheep_generic_room_13, uniq_pikel,
          uniq_eustachio, uniq_duvessa
D:5:      layout_rooms, minmay_temple_entry_wispy
D:6:      layout_basic, grunt_decor_arrowhead, nicolae_water_bricks,
          nicolae_shop_gadgets
D:7:      minmay_the_grid_triangle_9x9_rhombus_thin
          [minmay_the_grid_triangle_9x9_thin_v,
          minmay_the_grid_triangle_9x9_prize_special,
          minmay_the_grid_triangle_9x9_warning,
          minmay_the_grid_triangle_9x9_flanged_cone], layout_rooms,
          ashenzari_conservatory_becter, uniq_joseph
D:8:      layout_cave_pods, enter_bailey_2, uniq_erica
Temple:   dpeg_five_rooms_temple
Bailey:   bailey_axe_of_yendor_kennysheep, bailey

Skill      XL: |  1  2  3  4  5  6  7  8  9 10 |
---------------+-------------------------------+-----
Summonings     | 5 6 7 8 10 11 | 11.5
Spellcasting   | 3 4 5 6 7 |  7.2
Dodging        | 2 3 4 |  4.0
Fighting       | 1 2 3 |  3.7
Staves         | 2 4 |  4.4
Conjurations   | 3 5 |  5.0
Invocations    | 2 4 |  4.6
Evocations     | 2 3 |  3.4
Stealth        | 2 |  2.2
Armour         | |  0.8

Action                     |  1- 3 |  4- 6 |  7- 9 | 10-12 || total
---------------------------+-------+-------+-------+-------++-------
  Melee: Unarmed           |    23 |       |       |       ||    23
         Dagger            |    67 |    51 |    33 |       ||   151
         Punch             |     1 |       |     3 |     2 ||     6
         Staff             |       |       |    33 |   120 ||   153
         Touch             |       |       |     9 |    27 ||    36
         Whip              |       |       |     3 |       ||     3
   Cast: Summon Small Mamm |    31 |    12 |     6 |     3 ||    52
         Call Imp          |    16 |    13 |    18 |     5 ||    52
         Call Canine Famil |       |    20 |    27 |    20 ||    67
         Summon Lightning  |       |       |     8 |     3 ||    11
         Summon Guardian G |       |       |     5 |    15 ||    20
    Use: Potion            |     3 |       |       |     1 ||     4
         Scroll            |       |       |     8 |     4 ||    12
   Stab: Distracted        |     2 |       |     1 |       ||     3
         Sleeping          |     1 |     1 |     2 |       ||     4
         Paralysed         |       |    13 |     2 |    16 ||    31
 Armour: Robe              |    24 |    17 |     5 |       ||    46
         Skin              |     7 |       |       |       ||     7
         Leather armour    |       |       |    14 |    42 ||    56
  Dodge: Dodged            |    77 |    25 |    45 |    97 ||   244
